 Dungeon Crawl Stone Soup version 0.20.0-15-g7f486f2 (webtiles) character file.

7650 Haldmier the Archer (level 10, -16/84 HPs)
             Began as a Centaur Warper on June 11, 2017.
             Was an Elder of Okawaru.
             Demolished by a spiny frog (19 damage)
             ... on level 2 of the Lair of Beasts.
             The game lasted 01:30:32 (15585 turns).

Haldmier the Archer (Centaur Warper)               Turns: 15585, Time: 01:30:33

Health: -16/84     AC:  8    Str: 16    XL:     10   Next: 99%
Magic:  12/12      EV: 14    Int: 14    God:    Okawaru [****..]
Gold:   650        SH:  0    Dex: 10    Spells: 8/12 levels left

rFire    + . .     SeeInvis .   Y - +0 glaive
rCold    . . .     Gourm    .   (shield currently unavailable)
rNeg     . . .     Faith    .   H - +1 leather armour {rF+}
rPois    .         Spirit   .   (no helmet)
rElec    .         Reflect  .   y - +2 cloak
rCorr    .         Harm     .   (no gloves)
MR       .....                  (no barding)
Stlth    ..........             g - amulet of regeneration
Regen    0.7/turn               S - +2 ring of intelligence
MPRegen  0.2/turn               O - +4 ring of evasion

@: lethally poisoned (-16 -> -19), very quick
A: hooves 3, deformed body, speed 2, tough skin 3
a: Heroism, Renounce Religion


You were on level 2 of the Lair of Beasts.
You worshipped Okawaru.
Okawaru was greatly pleased with you.
You were not hungry.

You visited 3 branches of the dungeon, and saw 12 of its levels.
You also visited: Sewer.

You collected 650 gold pieces.

Inventory:

Hand Weapons
 a - a +0 shortbow
 b - a +1 scythe of venom
 R - a +0 blowgun
 T - a +0 spear of flaming
 Y - a +0 glaive (weapon)
Missiles
 e - 5 tomahawks of dispersal
 h - 17 tomahawks
 n - 397 stones (quivered)
 A - 47 poisoned needles
 D - 146 arrows
 E - 6 curare-tipped needles
 G - 8 exploding tomahawks
 K - 4 throwing nets
Armour
 y - a +2 cloak (worn)
 H - a +1 leather armour of fire resistance (worn)
 N - a +1 leather armour of magic resistance
Jewellery
 g - an amulet of regeneration (around neck)
 k - an uncursed ring of flight
 O - a +4 ring of evasion (right hand)
 S - a +2 ring of intelligence (left hand)
 U - a cursed -2 ring of protection {unknown}
Wands
 w - a wand of lightning (9/15)
 I - a wand of enslavement (10/24)
 M - a wand of iceblast (7/15)
 Q - a wand of clouds (4/9)
 V - a wand of disintegration (2/24)
 W - a wand of disintegration (9/24)
 Z - a wand of confusion (32/48)
Scrolls
 d - 4 scrolls of blinking
 m - a scroll of fog
 o - 3 scrolls of immolation
 t - 5 scrolls of identify
 x - 4 scrolls of amnesia
 F - 3 scrolls of enchant armour
 L - a scroll of fear
 X - a scroll of recharging
Potions
 i - 3 potions of curing
 l - 3 potions of might
 p - 6 potions of heal wounds
 s - a potion of lignification
 u - a potion of agility
 v - a potion of resistance
 z - 6 potions of brilliance
 B - 3 potions of berserk rage
 J - 2 potions of ambrosia {unknown}
 P - a potion of cancellation {unknown}
Books
 c - a book of Spatial Translocations

   Spells                             Type                      Level
   a - Blink                          Translocation                2
   b - Shroud of Golubria             Charms/Translocation         2
   c - Lesser Beckoning               Translocation                3
   d - Gell's Gravitas                Translocation                3
   e - Teleport Other                 Translocation                3
   f - Passage of Golubria            Translocation                4
 r - a book of Conjurations

   Spells                             Type                      Level
   a - Magic Dart                     Conjuration                  1
   b - Searing Ray                    Conjuration                  2
   c - Dazzling Spray                 Conjuration/Hexes            3
   d - Fulminant Prism                Conjuration/Hexes            4
   e - Force Lance                    Conjuration/Translocation    4
   f - Iskenderun's Mystic Blast      Conjuration                  4
Comestibles
 f - 9 bread rations
 j - 3 royal jellies
 q - 8 meat rations
 C - 11 fruits


   Skills:
 + Level 6.8 Fighting
 + Level 8.8 Polearms
 - Level 14.0 Bows
 - Level 1.1 Throwing
 - Level 0.6 Armour
 + Level 2.4 Dodging
 - Level 1.5 Spellcasting
 - Level 3.0 Charms
 - Level 4.0 Translocations


You had 8 spell levels left.
You knew the following spells:

 Your Spells              Type           Power        Failure   Level  Hunger
a - Blink                 Tloc           N/A          9%          2    ###....
b - Shroud of Golubria    Chrm/Tloc      ##........   11%         2    ###....


Dungeon Overview and Level Annotations

Branches:
Dungeon (9/15)             Temple (1/1) D:7            Lair (1/6) D:9
    Orc: D:9-12

Altars:
Ashenzari
Cheibriados
Dithmenos
Elyvilon
Fedhas
Gozag
Hepliaklqana
Kikubaaqudgha
Makhleb
Nemelex Xobeh
Okawaru
Qazlal
Ru
Sif Muna
Trog
Uskayaw
Vehumet
Xom
Yredelemnul
Zin
The Shining One

Annotations:
D:8 1 runed door


Innate Abilities, Weirdness & Mutations

You have hooves in place of feet.
Armour fits poorly on your strangely shaped body.
You cover ground very quickly.
You have extremely tough skin. (AC +3)


Message History

You closely miss the spiny frog.
The spiny frog is almost dead.
You feel sick. The spiny frog stings you.
* * * LOW HITPOINT WARNING * * *
The basilisk bites you but does no damage.
The spiny frog stings you.
* * * LOW HITPOINT WARNING * * *
Attack whom?
Press: ? - help, Dir - move target cursor, f/p - spiny frog
Aim: a spiny frog (almost dead)
You completely miss the spiny frog.
The spiny frog is almost dead.
You feel less wooden.
Your +2 cloak unmelds from your body.
Your +1 leather armour of fire resistance unmelds from your body.
You feel resistant to fire.
You feel sick. The spiny frog closely misses you. The basilisk bites you!
* * * LOW HITPOINT WARNING * * *
The spiny frog stings you!!
You die...

#.# ..##...#.## ..
#.......#.....# ..#
#...#.........# ###..#
#..#..........###.#....
#.#...##...#...........
#.....................
# #.#.#..#.#.###..####(
#.#.....##..####..#
#......F@l.##.##.##
#.......P.........#
#.....P#P........##
##...####...##.###
##.## ######## ##


You could see a spiny frog and a basilisk.

Vanquished Creatures
  Erica (D:8)
  A two-headed ogre (D:7)
  A black mamba (D:9)
  Prince Ribbit (D:7)
  2 hippogriffs
  Sigmund (D:4)
  Eustachio (D:4)
  Grum (D:7)
  Menkaure (D:4)
  Edmund (D:4)
  4 porcupines
  4 sky beasts
  3 orc warriors
  4 phantoms
  A black bear (D:7)
  2 necrophages (D:7)
  5 ogres
  4 centaurs
  3 wolves
  A big kobold (D:9)
  The ghost of Dris the Magician, an amateur DEIE (D:3)
  5 bullfrogs
  A water moccasin zombie (D:8)
  8 scorpions
  3 howler monkeys
  2 crimson imps
  4 orc priests
  2 jellies
  Crazy Yiuf (D:2)
  A gnoll shaman (D:9)
  6 hounds
  6 orc wizards
  2 iguanas (D:4)
  6 worker ants
  A hound zombie (D:7)
  4 hound skeletons
  A worker ant zombie (D:5)
  3 gnolls (D:9)
  14 adders
  An adder skeleton (D:9)
  7 worms
  7 leopard geckos
  22 orcs
  6 giant cockroaches
  15 goblins
  10 hobgoblins
  8 jackals (Sewer)
  2 quokkas
  A ball python (D:4)
  13 bats
  16 frilled lizards
  17 kobolds
  3 quokka skeletons
  9 rats
  A fungus (D:2)
  7 plants (Sewer)
258 creatures vanquished.

Vanquished Creatures (others)
  A fungus (D:4)
1 creature vanquished.

Grand Total: 259 creatures vanquished

Notes
Turn   | Place    | Note
-------+----------+-------------------------------------------
     0 | D:1      | Haldmier the Centaur Warper began the quest for the Orb.
     0 | D:1      | Reached XP level 1. HP: 17/17 MP: 3/3
   211 | D:1      | Reached XP level 2. HP: 25/25 MP: 4/4
  1016 | D:2      | Reached XP level 3. HP: 29/30 MP: 5/5
  1323 | D:2      | Found a runed door.
  1327 | D:2      | Noticed Crazy Yiuf
  1443 | D:2      | Killed Crazy Yiuf
  1443 | D:2      | Reached XP level 4. HP: 38/38 MP: 6/6
  1522 | D:2      | Noticed Sigmund
  1565 | D:3      | Found a glowing drain.
  1616 | D:3      | Learned a level 2 spell: Blink
  1619 | D:3      | Learned a level 2 spell: Shroud of Golubria
  1634 | Sewer    | Entered a sewer
  2032 | Sewer    | Reached XP level 5. HP: 46/46 MP: 7/7
  2828 | D:3      | Noticed Dris's ghost (amateur DEIE)
  3027 | D:2      | Reached skill level 1 in Charms
  3704 | D:3      | Noticed a hippogriff
  4616 | D:4      | Noticed Edmund
  4790 | D:4      | Killed Edmund
  4790 | D:4      | Reached XP level 6. HP: 31/53 MP: 8/8
  5250 | D:4      | Noticed Menkaure
  5320 | D:2      | Reached XP level 7. HP: 17/60 MP: 9/9
  5484 | D:3      | Reached skill level 5 in Fighting
  5610 | D:2      | Killed a hippogriff
  6704 | D:3      | Killed Dris's ghost
  6704 | D:3      | Reached skill level 5 in Polearms
  7919 | D:5      | Entered Level 5 of the Dungeon
  7940 | D:5      | Found a shattered altar of Ashenzari.
  8111 | D:5      | Reached skill level 1 in Bows
  8212 | D:5      | Reached XP level 8. HP: 70/70 MP: 10/10
  8264 | D:5      | Found a sparkling altar of Nemelex Xobeh.
  8807 | D:5      | Reached skill level 2 in Bows
  8991 | D:5      | Reached skill level 3 in Bows
  9060 | D:4      | Noticed Eustachio
  9139 | D:4      | Killed Eustachio
  9139 | D:4      | Reached skill level 4 in Bows
  9278 | D:4      | Reached skill level 5 in Bows
  9299 | D:4      | Found a radiant altar of Vehumet.
  9461 | D:4      | Reached skill level 6 in Bows
  9634 | D:4      | Reached skill level 7 in Bows
  9848 | D:6      | Found a basalt altar of Yredelemnul.
 10219 | D:6      | Reached skill level 8 in Bows
 10680 | D:4      | Killed Sigmund
 10737 | D:4      | Killed Menkaure
 10737 | D:4      | Reached skill level 9 in Bows
 10737 | D:4      | Reached XP level 9. HP: 58/75 MP: 11/11
 11408 | D:7      | Reached skill level 10 in Bows
 11419 | D:7      | Found a staircase to the Ecumenical Temple.
 11425 | Temple   | Entered the Ecumenical Temple
 11503 | Temple   | Became a worshipper of Warmaster Okawaru
 11733 | D:7      | Noticed Prince Ribbit
 11743 | D:7      | Killed Prince Ribbit
 11810 | D:7      | Reached skill level 11 in Bows
 11945 | D:7      | Reached * piety under Okawaru
 12194 | D:8      | Found a white marble altar of Elyvilon.
 12194 | D:8      | Found a runed door.
 12194 | D:8      | Noticed an angel
 12519 | D:8      | Noticed Erica
 12613 | D:8      | Reached skill level 12 in Bows
 12784 | D:8      | Noticed a two-headed ogre
 12852 | D:7      | Killed a two-headed ogre
 12852 | D:7      | Reached ** piety under Okawaru
 12852 | D:7      | Reached XP level 10. HP: 63/83 MP: 12/12
 12931 | D:8      | Noticed Grum
 13052 | D:7      | Killed Grum
 13237 | D:8      | Killed Erica
 13237 | D:8      | Reached skill level 13 in Bows
 13886 | D:8      | Reached *** piety under Okawaru
 14120 | D:9      | Got a thick robe
 14131 | D:9      | Identified the +0 robe "Zeacwyor" {rC+++ Int-5 Slay-4 Stlth+} (You found it on level 9 of the Dungeon)
 14305 | D:9      | Reached skill level 14 in Bows
 14399 | D:9      | Found a staircase to the Lair.
 14741 | D:9      | Found a hide-covered altar of Uskayaw.
 14847 | D:9      | Reached **** piety under Okawaru
 14898 | D:9      | Found a blossoming altar of Fedhas.
 14992 | Lair:1   | Entered Level 1 of the Lair of Beasts
 15004 | Lair:1   | Noticed a black mamba
 15065 | D:9      | Killed a black mamba
 15532 | Lair:1   | You fall through a shaft!
 15532 | Lair:2   | Noticed a spiny frog
 15585 | Lair:2   | HP: 3/84 [basilisk (11)]
 15585 | Lair:2   | Demolished by a spiny frog

Skill      XL: |  1  2  3  4  5  6  7  8  9 10 |
---------------+-------------------------------+-----
Polearms       | 2 3 4 5 7 8 |  8.8
Fighting       | 3 4 5 6 |  6.8
Charms         | 1 2 3 |  3.0
Translocations | 3 4 |  4.0
Bows           | 1 9 12 14 | 14.0
Dodging        | 2 |  2.4
Throwing       | |  1.1
Armour         | |  0.6
Spellcasting   | |  1.5

Action                   |  1- 3 |  4- 6 |  7- 9 | 10-12 || total
-------------------------+-------+-------+-------+-------++-------
Melee: Spear             |   161 |   871 |   237 |       ||  1269
       Kick              |    10 |   240 |    67 |    38 ||   355
       Trident           |       |       |    81 |       ||    81
       Scythe            |       |       |    79 |   177 ||   256
       Glaive            |       |       |       |    37 ||    37
 Fire: Blowgun           |       |       |   111 |    22 ||   133
       Shortbow          |       |       |    24 |    10 ||    34
Throw: Stone             |     2 |     2 |     1 |       ||     5
 Cast: Shroud of Golubri |       |       |     1 |       ||     1
       Blink             |       |       |     1 |       ||     1
  Use: Scroll            |       |     9 |     7 |     1 ||    17
       Potion            |       |       |       |     3 ||     3
 Stab: Distracted        |       |       |       |     1 ||     1
  Eat: Chunk             |     1 |    10 |    12 |     8 ||    31
       Royal jelly       |       |     1 |     1 |       ||     2
       Bread ration      |       |       |     1 |       ||     1
Armor: Leather armour    |     6 |    58 |   105 |    95 ||   264
       Ring mail         |    11 |    65 |       |       ||    76
       Skin              |       |       |       |    25 ||    25
Dodge: Dodged            |    38 |   119 |   152 |   209 ||   518
